 Dungeon Crawl Stone Soup version 0.22.1-2-g9c5b331 (webtiles) character file.

38 dvd the Firebug (level 3, -4/21 HPs)
             Began as an Octopode Fire Elementalist on Nov 26, 2018.
             Slain by Natasha (10 damage)
             ... on level 1 of the Dungeon.
             The game lasted 00:02:32 (1077 turns).

dvd the Firebug (Octopode Fire Elementalist)        Turns: 1077, Time: 00:02:32

Health: -4/21      AC:  1    Str:  7    XL:     3   Next: 43%
Magic:  0/6        EV: 13    Int: 18    God:
Gold:   69         SH:  0    Dex: 12    Spells: 4/7 levels left

rFire    . . .     SeeInvis .   h - +0 short sword
rCold    . . .     Gourm    .   (no shield)
rNeg     . . .     Faith    .   (helmet restricted)
rPois    .         Spirit   .   (no amulet)
rElec    .         Reflect  .   k - ring of protection from magic
rCorr    .         Harm     .   (no ring)
MR       +....                  (no ring)
Stlth    +++.......             (no ring)
HPRegen  0.07/turn              (no ring)
MPRegen  0.10/turn              (no ring)
                                (no ring)
                                (no ring)

@: very slightly contaminated
A: almost no armour, stealthy swim, amphibious, 8 rings, constrict 8, camouflage
1, gelatinous body 1
a: no special abilities


You were on level 1 of the Dungeon.
You were not hungry.

You visited 1 branch of the dungeon, and saw 2 of its levels.

You collected 69 gold pieces.

Inventory:

Hand Weapons
 e - a +0 dagger
 h - a +0 short sword (weapon)
Jewellery
 k - a ring of protection from magic (left tentacle)
Scrolls
 c - 2 scrolls of identify {unknown}
 d - a scroll of enchant armour {unknown}
 f - 2 scrolls of amnesia {unknown}
 g - a scroll of immolation {unknown}
 j - a scroll of enchant weapon {unknown}
 l - a scroll of teleportation {unknown}
Potions
 i - a potion of might {unknown}
Comestibles
 a - a chunk of flesh
 b - 2 rations


   Skills:
 + Level 0.1 Short Blades
 + Level 2.0 Dodging
 + Level 3.0 Stealth
 + Level 2.5 Spellcasting
 + Level 1.2 Conjurations
 + Level 3.7 Fire Magic


You had 4 spell levels left.
You knew the following spells:

 Your Spells              Type           Power        Failure   Level  Hunger
a - Flame Tongue          Conj/Fire      ##...        6%          1    #......
b - Throw Flame           Conj/Fire      ##....       10%         2    ##.....

Your spell library contained the following spells:

 Spells                   Type           Power        Failure   Level  Hunger
 Conjure Flame            Conj/Fire      ##......     19%         3    ###....
 Inner Flame              Hex/Fire       #.......     24%         3    ###....
 Sticky Flame             Conj/Fire      ##......     52%         4    #####..
 Fireball                 Conj/Fire      ##........   86%         5    ######.


Dungeon Overview and Level Annotations

Branches:
Dungeon (2/15)

Altars:

Annotations:
D:1 Natasha


Innate Abilities, Weirdness & Mutations

You cannot wear most types of armour.
You are very stealthy in the water. (Stealth+)
You are amphibious.
You can wear up to eight rings at the same time.
You can use your tentacles to constrict eight enemies at once.
Your skin changes colour to match your surroundings (Stealth+).
Your rubbery body absorbs attacks. (AC +1, EV +1)


Message History

The magic dart hits you!
You barely miss Natasha. Your grab misses Natasha.
Natasha is heavily wounded.
The bat closely misses you. Natasha claws you.
* * * LOW HITPOINT WARNING * * *
You barely miss Natasha. You grab Natasha.
Natasha is heavily wounded.
You constrict Natasha, but do no damage.
The bat closely misses you. Natasha casts a spell at you.
You resist with almost no effort.
Casting: Flame Tongue (safe; 6% risk of failure)
Confirm with . or Enter, or press ? or * to list all spells.
Aiming: Flame Tongue (safe; 6% risk of failure)
Press: ? - help, Shift-Dir - straight line, f - Natasha
Aim: Natasha (heavily wounded, constricted by you)
The flame tongue hits Natasha.
Natasha is heavily wounded.
You constrict Natasha. The bat barely misses you. Natasha claws you!
You die...

......#
##.####.##......#
#.### #####.#
#.###...#.####.###.#
#.# #.....#...#
#.....# #.#
#.###...#.##########
#.# #.####.##......#
#####.#
#.#.......####.#
...##.#
#.#.......####.#
##.##.#
#.#..........#.##
......#
#....@........#.####
..#.###
##.b..h.......##..)#
##.##
#......#.....#.##.#
###
#...........#.###.#
##.#.##.#####.#
#.### #.#.##.# #.#
#.... #.#.##.# #.#
####. #####.#.##.#
##.# #. #.......##.#
#..# #.


You could see Natasha and a bat.

Vanquished Creatures
  An ooze (D:1)
  A dart slug (D:1)
  6 bats (D:1)
  A giant cockroach (D:1)
  6 goblins (D:1)
  3 hobgoblins (D:1)
  2 jackals (D:1)
  2 ball pythons (D:1)
  A frilled lizard (D:1)
  A kobold (D:1)
  7 rats (D:1)
31 creatures vanquished.

Notes
Turn   | Place    | Note
-------+----------+-------------------------------------------
     0 | D:1      | dvd the Octopode Fire Elementalist began the quest for the
                  | Orb.
     0 | D:1      | Reached XP level 1. HP: 11/11 MP: 3/3
   210 | D:1      | Reached XP level 2. HP: 17/17 MP: 3/5
   256 | D:1      | Learned a level 2 spell: Throw Flame
   462 | D:1      | Reached XP level 3. HP: 20/21 MP: 3/6
  1065 | D:2      | Noticed Natasha
  1077 | D:1      | Slain by Natasha

Skill      XL: |  1  2 |
---------------+-------+-----
Stealth        | 3 |  3.0
Short Blades   | |  0.1
Dodging        | |  2.0
Spellcasting   | |  2.5
Conjurations   | |  1.2
Fire Magic     | |  3.7

Action                   || total
-------------------------++-------
Melee: Unarmed           ||     7
       Constrict         ||     7
       Tentacles         ||     4
       Dagger            ||     1
       Short sword       ||    13
 Cast: Flame Tongue      ||    36
       Throw Flame       ||     6
  Eat: Chunk             ||     1
Armor: Skin              ||     6
Dodge: Dodged            ||    35
